 Dungeon Sprint DCSS version 0.27-a0-1119-gbf574a6a6b (webtiles) character file.

Game seed: 15885412605679370772

278 Zeld the Conjurer (level 6, -9/43 HPs)
             Began as an Octopode Conjurer on May 3, 2021.
             Was a Follower of Sif Muna.
             Killed from afar by a burning bush (12 damage)
             ... with a puff of flame
             ... in the Dungeon (Sprint IV: "Fedhas' Mad Dash").
             The game lasted 00:02:18 (2928 turns).

Zeld the Conjurer (Octopode Conjurer)               Turns: 2928, Time: 00:02:18

Health: -9/43      AC:  1    Str:  6    XL:     6   Next: 26%
Magic:  4/12       EV: 14    Int: 22    God:    Sif Muna [*.....]
Gold:   12         SH:  0    Dex: 11    Spells: 3/14 levels left

rFire    . . .     SeeInvis .   (no weapon)
rCold    . . .     Faith    .   (no shield)
rNeg     . . .     Spirit   .   (helmet restricted)
rPois    .         Reflect  .   a - amulet of invisibility {+Inv}
rElec    .         Harm     .   (no ring)
rCorr    .         Rampage  .   (no ring)
Will     .....     NoTele   +   (no ring)
Stlth    +++.......             (no ring)
HPRegen  0.14/turn              (no ring)
MPRegen  0.13/turn              (no ring)
                                (no ring)
                                (no ring)

@: very slightly contaminated, invisible
A: almost no armour, amphibious, 8 rings, camouflage 1, gelatinous body 1,
(nimble swimmer 1), tentacles
a: Renounce Religion, Evoke Invisibility, Channel Magic


You were in the Dungeon.
You worshipped Sif Muna.
Sif Muna was aware of your devotion.
You visited 1 branch You collected 90 gold pieces.
You spent 78 gold pieces at shops.

Inventory:

Jewellery
 a - the amulet of invisibility (around mantle) {+Inv}
   (You found it in the Dungeon)

   [amulet of nothing]

   It lets you turn invisible.
Scrolls
 f - 3 scrolls of identify
 g - a scroll of blinking
Potions
 b - a potion of curing
 c - 3 potions of heal wounds
 d - 2 potions of haste
 e - 2 potions of magic


   Skills:
 + Level 4.2 Fighting
 + Level 4.8 Dodging
 - Level 2.6 Stealth
 + Level 4.5 Spellcasting
 * Level 7.6 Conjurations
 - Level 5.0 Hexes
 - Level 5.0 Translocations
 * Level 1.2 Invocations


You had 3 spell levels left.
You knew the following spells:

 Your Spells              Type           Power      Damage    Failure   Level
a - Magic Dart            Conj           100%       1d8       1%          1
b - Searing Ray           Conj           76%        3d6       1%          2
c - Fulminant Prism       Conj/Hex       16%        3d11      8%          4
d - Iskenderun's Mystic   Conj/Tloc      32%        2d8       8%          4

Your spell library contained the following spells:

 Spells                   Type           Power      Damage    Failure   Level
 Dazzling Flash           Conj/Hex       64%        N/A       2%          3


Dungeon Overview and Level Annotations

Branches:
Dungeon (1/1)

Altars:
Cheibriados
Dithmenos
Elyvilon
Gozag
Hepliaklqana
Kikubaaqudgha
Makhleb
Nemelex Xobeh
Okawaru
Qazlal
Ru
Sif Muna
Trog
Uskayaw
Vehumet
Wu Jian
Xom
Yredelemnul
Zin
The Shining One
Beogh
Jiyva
Lugonu

Shops:
D =?


Innate Abilities, Weirdness & Mutations

You cannot wear most types of armour.
You are amphibious.
You can wear up to eight rings at the same time.
Your skin changes colour to match your surroundings (Stealth+).
Your rubbery body absorbs attacks. (AC +1, EV +1)
((You are camouflaged near water. (Stealth+)))
You have tentacles for arms and can constrict up to eight enemies at once.


Message History

You fail to use your ability.
You fade into invisibility!
You are very lightly contaminated with residual magic.
Okay, then.
You open the door.
A scorpion and a wandering mushroom come into view.
There is an open door here.
Casting: Searing Ray (safe; 1% risk of failure)
Confirm with . or Enter, or press ? or * to list all spells.
Aiming: Searing Ray (safe; 1% risk of failure)
Press: ? - help, Shift-Dir - straight line, f/p - burning bush
Aim: a burning bush (unaware, hasn't noticed you, 100% to hit)
The searing ray hits the burning bush!
The burning bush is moderately damaged. (Press . to maintain the ray.)
The burning bush throws fire at you. The puff of flame hits you!
The searing ray hits the burning bush.
The burning bush is moderately damaged.
The searing ray hits the burning bush.
The burning bush is heavily damaged.
The searing ray hits the burning bush.
The burning bush is heavily damaged.
You finish channeling your searing ray.
The burning bush throws fire at you. The puff of flame hits you!
The burning bush throws fire at you. The puff of flame hits you!
* * * LOW HITPOINT WARNING * * *
Casting: Searing Ray (safe; 1% risk of failure)
Confirm with . or Enter, or press ? or * to list all spells.
Aiming: Searing Ray (safe; 1% risk of failure)
Press: ? - help, Shift-Dir - straight line, f/p - burning bush
Aim: a burning bush (heavily damaged, 100% to hit)
The searing ray hits the burning bush.
The burning bush is severely damaged. (Press . to maintain the ray.)
The burning bush throws fire at you. The puff of flame hits you!
You die...

################ ####
_._._.⌠.#..)...# s..#
._._._..'..#...# f.P+
_._._...#..###'##.([#
._._._..#..##∩∩.@..f#
_._._.⌠.#############
#########


You could see 2 wandering mushrooms, a burning bush and a scorpion (asleep).

Vanquished Creatures
  2 scorpions (D)
  3 oklob saplings (D)
  2 spriggans (D)
  A river rat (D)
  A rat (D)
9 creatures vanquished.

Vanquished Creatures (others)
  7 fungi (D)
7 creatures vanquished.

Grand Total: 16 creatures vanquished

Notes
Turn   | Place    | Note
-------+----------+-------------------------------------------
     0 | D        | Zeld the Octopode Conjurer began the quest for the Orb.
     0 | D        | Reached XP level 1. HP: 11/11 MP: 3/3
  1111 | D        | Reached skill level 1 in Fighting
  1111 | D        | Reached XP level 2. HP: 13/18 MP: 0/5
  1114 | D        | Learned a level 2 spell: Searing Ray
  1168 | D        | Noticed an oklob sapling
  1172 | D        | Killed an oklob sapling
  1173 | D        | Reached skill level 5 in Conjurations
  1173 | D        | Reached XP level 3. HP: 25/25 MP: 5/7
  1416 | D        | Noticed a scorpion
  1417 | D        | Found the amulet of invisibility {+Inv}
  1418 | D        | Killed a scorpion
  1419 | D        | Reached skill level 6 in Conjurations
  1419 | D        | Reached XP level 4. HP: 23/32 MP: 5/10
  1428 | D        | Learned a level 4 spell: Fulminant Prism
  1433 | D        | Learned a level 4 spell: Iskenderun's Mystic Blast
  1506 | D        | Found an opulent altar of Gozag.
  1506 | D        | Found a hazy altar of Hepliaklqana.
  1506 | D        | Found a burning altar of Makhleb.
  1506 | D        | Found a sparkling altar of Nemelex Xobeh.
  1506 | D        | Found a snail-covered altar of Cheibriados.
  1506 | D        | Found a sacrificial altar of Ru.
  1506 | D        | Found a shimmering blue altar of Sif Muna.
  1506 | D        | Found a shimmering altar of Xom.
  1506 | D        | Found a basalt altar of Yredelemnul.
  1507 | D        | Found a viscous altar of Jiyva.
  1507 | D        | Found a bloodstained altar of Trog.
  1507 | D        | Found an ornate altar of the Wu Jian Council.
  1507 | D        | Noticed an oklob sapling priest
  1508 | D        | Found an iron altar of Okawaru.
  1508 | D        | Found a shadowy altar of Dithmenos.
  1508 | D        | Found a glowing silver altar of Zin.
  1509 | D        | Found an ancient bone altar of Kikubaaqudgha.
  1509 | D        | Found a hide-covered altar of Uskayaw.
  1510 | D        | Found a stormy altar of Qazlal.
  1510 | D        | Found a white marble altar of Elyvilon.
  1510 | D        | Found a glowing golden altar of the Shining One.
  1511 | D        | Found a radiant altar of Vehumet.
  1511 | D        | Found a corrupted altar of Lugonu.
  1516 | D        | Became a worshipper of Sif Muna the Loreminder
  1523 | D        | Killed an oklob sapling priest
  1524 | D        | Reached XP level 5. HP: 25/36 MP: 1/11
  2237 | D        | Reached * piety under Sif Muna
  2238 | D        | Reached skill level 5 in Hexes
  2238 | D        | Reached skill level 5 in Translocations
  2239 | D        | Reached skill level 7 in Conjurations
  2239 | D        | Reached XP level 6. HP: 43/43 MP: 7/12
  2241 | D        | Reached skill level 1 in Invocations
  2647 | D        | Found Hoapry's Magic Scroll Shop.
  2647 | D        | Found Ruam's Jewellery Emporium.
  2652 | D        | Bought a scroll of identify for 26 gold pieces
  2652 | D        | Bought a scroll of identify for 26 gold pieces
  2652 | D        | Bought a scroll of identify for 26 gold pieces
  2856 | D        | Noticed a burning bush
  2856 | D        | Noticed a wandering mushroom
  2922 | D        | Noticed a wandering mushroom
  2928 | D        | Killed from afar by a burning bush

Illustrated notes

Levels and vault maps discovered:
D:        dungeon_sprint_fedhas [sprint_temple]

Skill      XL: |  1  2  3  4  5  6 |
---------------+-------------------+-----
Fighting       | 1 2 3 4 |  4.2
Dodging        | 3 4 |  4.8
Spellcasting   | 3 4 |  4.5
Conjurations   | 5 6 7 |  7.6
Hexes          | 3 5 |  5.0
Translocations | 3 5 |  5.0
Invocations    | 1 |  1.2
Stealth        | |  2.6

Action                   |  1- 3 |  4- 6 || total
-------------------------+-------+-------++-------
Melee: Unarmed           |    16 |     1 ||    17
       Constrict         |     9 |       ||     9
       Tentacles         |     1 |       ||     1
 Cast: Magic Dart        |     9 |       ||     9
       Searing Ray       |     1 |     9 ||    10
 Abil: Evoke Invisibilit |       |     2 ||     2
  Use: Potion            |     1 |       ||     1
Dodge: Dodged            |     2 |     4 ||     6

Table legend: (Time is in decaauts)
 A = Elapsed time spent in this place.
 B = Non-inter-level travel time spent in this place.
 C = Inter-level travel time spent in this place.
 D = Time resting spent in this place.
 E = Time spent auto-exploring this place.
 F = Levels seen in this place.
 G = Mean time per level.
                   A        B        C        D        E       F      G
               +--------+--------+--------+--------+--------+-----+--------+
         Total |   2938 |   2938 |      0 |   2737 |      0 |   1 | 2938.0 |
       Dungeon |   2938 |   2938 |      0 |   2737 |      0 |   1 | 2938.0 |
               +--------+--------+--------+--------+--------+-----+--------+

Top non-repeatable levels by time:
       D: 2938 daAuts
